 Dungeon Crawl Stone Soup version 0.32-a0-132-g2d33c3cfaf (webtiles) character file.

Game seed: 9935385000095421832

215108 GordonOverkill the Scorcher (level 18, -17/93 HPs)
             Began as a Spriggan Delver on Feb 8, 2024.
             Was the Champion of Vehumet.
             Killed from afar by Bai Suzhen (58 damage)
             ... with a torrent of water
             ... on level 2 of the Swamp on Feb 9, 2024.
             The game lasted 02:12:32 (56645 turns).

GordonOverkill the Scorcher (Spriggan Delver)      Turns: 56645, Time: 02:12:32

Health: -17/93     AC: 19    Str:  8    XL:     18   Next: 32%
Magic:  7/47       EV: 20    Int: 18    God:    Vehumet [******]
Gold:   3128       SH:  6    Dex: 24    Spells: 14/47 levels left

rFire   + . .        v - +4 short sword "Quj Nuoffo" {protect, rPois}
rCold   . . .        p - +1 buckler "Hemoty" {Dex+4}
rNeg    + . .        q - +5 steam dragon scales
rPois   +            l - +2 hat {Stlth+}
rElec   +            M - +2 cloak
rCorr   .            (gloves unavailable)
SInv    +            (boots unavailable)
Will    +++..        e - amulet of magic regeneration
Stlth   +++++        Q - ring "Kahiwinu" {rElec rPois rN+ MP+9}
HPRegen 0.35/turn    U - ring "Esulekh" {rF+ AC+4 Dex+2}
MPRegen 0.70/turn

%: no passive effects
@: very quick
A: very small, no large weapons, unfitting armour, see invisible, speed 3
}: 1/15 runes: serpentine
a: Renounce Religion


You were on level 2 of the Swamp.
You worshipped Vehumet.
Vehumet was exalted by your worship.
You visited 6 branches of the dungeon, and saw 30 of its levels.
You also visited: Bailey and Ice Cave.

You collected 5562 gold pieces.
You spent 2434 gold pieces at shops.

Inventory:

Hand Weapons
 g - a +9 dagger of electrocution
 v - the +4 short sword "Quj Nuoffo" (weapon) {protect, rPois}
   (You found it on level 4 of the Dungeon)

   rPois:     It protects you from poison
Missiles
 c - 40 boomerangs
 y - 46 poisoned darts
 G - 17 curare-tipped darts (quivered)
Armour
 a - a +1 robe of fire resistance
 l - a +2 hat of stealth (worn)
 p - the +1 buckler "Hemoty" (worn) {Dex+4}
   (You found it on level 4 of the Snake Pit)

   Dex+4:     It affects your dexterity (+4).
 q - +5 steam dragon scales (worn)
 M - a +2 cloak (worn)
 T - a +1 robe of cold resistance
Jewellery
 e - an amulet of magic regeneration (around neck)
 k - a ring of poison resistance
 H - a ring of willpower
 Q - the ring "Kahiwinu" (left hand) {rElec rPois rN+ MP+9}
   (You found it on level 15 of the Dungeon)

   [ring of poison resistance]

   rElec:     It insulates you from electricity.
   rPois:     It protects you from poison rN+: It protects you from negative
   energy.
   MP+9:      It affects your magic capacity (+9).
 R - the ring "Moned" {Wiz Str+3 Int+3 Dex-3}
   (You found it on level 15 of the Dungeon)

   [ring of wizardry]

   Wiz:       It improves your spell success rate.
   Str+3:     It affects your strength (+3).
   Int+3:     It affects your intelligence (+3).
   Dex-3:     It affects your dexterity (-3).
 S - the ring "Hiniemmo" {rN++ rCorr SInv}
   (You found it on level 5 of the Lair of Beasts)

   [ring of see invisible]

   rN++:      It greatly protects you from negative energy.
   SInv:      It lets you see invisible.
   rCorr:     It protects you from acid and corrosion.
 U - the ring "Esulekh" (right hand) {rF+ AC+4 Dex+2}
   (You found it in an ice cave)

   [ring of protection]

   AC+4:      It affects your AC (+4).
   Dex+2:     It affects your dexterity (+2).
   rF+:       It protects you from fire.
 X - a +6 ring of intelligence
 Z - an amulet of regeneration
Wands
 f - a wand of digging (14)
 m - a wand of mindburst (28)
 s - a wand of iceblast (22)
 C - a wand of flame (46)
 I - a wand of paralysis (7)
 J - a wand of quicksilver (25)
Scrolls
 b - 5 scrolls of fog
 d - 8 scrolls of fear
 h - a scroll of summoning
 j - 2 scrolls of amnesia
 t - 2 scrolls of blinking
 w - 4 scrolls of vulnerability
 z - a scroll of silence
 E - 3 scrolls of enchant weapon
 K - 9 scrolls of teleportation
 V - 3 scrolls of revelation
 W - a scroll of immolation
 Y - 17 scrolls of identify
Potions
 i - 3 potions of lignification
 n - 14 potions of curing
 o - 3 potions of heal wounds
 u - a potion of resistance
 x - 10 potions of mutation
 A - 4 potions of enlightenment
 B - a potion of berserk rage
 D - 2 potions of ambrosia
 F - 4 potions of cancellation
 N - 3 potions of brilliance
 O - a potion of haste
 P - 3 potions of might


   Skills:
 - Level 10.0 Fighting
 - Level 6.0 Short Blades
 - Level 2.0 Throwing
 - Level 5.0 Dodging
 - Level 7.2 Stealth
 - Level 1.5 Unarmed Combat
 - Level 15.0 Spellcasting
 - Level 16.0 Conjurations
 - Level 3.0 Necromancy
 + Level 16.2 Fire Magic
 - Level 2.0 Air Magic
 - Level 7.0 Alchemy
 - Level 2.0 Evocations


You had 14 spell levels left.
You knew the following spells:

 Your Spells              Type           Power      Damage    Failure   Level
a - Irradiate             Conj/Alch      26%        3d20      1%          5
b - Flame Wave            Conj/Fire      64%        2d15      1%          4
c - Sticky Flame          Fire/Alch      53%        2d9       1%          4
d - Sublimation of Blood  Necr           24%        N/A       3%          2
e - Mephitic Cloud        Conj/Alch/Air  43%        N/A       1%          3
f - Orb of Destruction    Conj           31%        9d10      2%          7
g - Ignition              Fire           32%        3d10      17%         8

Your spell library contained the following spells:

 Spells                   Type           Power      Damage    Failure   Level
 Starburst                Conj/Fire      32%        6d10      1%          6
 Magic Dart               Conj           100%       1d8       0%          1
 Searing Ray              Conj           100%       2d8       0%          2
 Kiss of Death            Conj/Necr      100%       2d13      1%          1
 Sting                    Conj/Alch      100%       1d9       1%          1
 Dazzling Flash           Conj/Hex       84%        N/A       1%          3
 Hailstorm                Conj/Ice       42%        3d9       1%          3
 Inner Flame              Hex/Fire       42%        N/A       1%          3
 Stone Arrow              Conj/Erth      84%        3d12      1%          3
 Fulminant Prism          Conj/Alch      26%        3d14      1%          4
 Arcjolt                  Conj/Air       22%        1d32      1%          5
 Fireball                 Conj/Fire      32%        3d14      1%          5
 Freeze                   Ice            52%        1d6       2%          1
 Necrotise                Necr           96%        1d8       2%          1
 Summon Blazeheart Golem  Fire/Summ      42%        N/A       2%          4
 Frozen Ramparts          Ice            26%        1d4       6%          3
 Fugue of the Fallen      Necr           24%        N/A       7%          3
 Apportation              Tloc           26%        N/A       8%          1
 Summon Small Mammal      Summ           52%        N/A       8%          1
 Plasma Beam              Fire/Air       23%        2x1d35    8%          6
 Call Imp                 Summ           26%        N/A       12%         2
 Jinxbite                 Hex            26%        N/A       12%         2
 Alistair's Intoxication  Alch           25%        N/A       12%         5
 Petrify                  Alch/Erth      26%        N/A       19%         4
 Call Canine Familiar     Summ           13%        N/A       22%         3
 Confusing Touch          Hex            13%        N/A       22%         3
 Ozocubu's Armour         Ice            13%        N/A       22%         3
 Summon Ice Beast         Ice/Summ       13%        N/A       22%         3
 Animate Dead             Necr           24%        N/A       22%         4
 Dispel Undead            Necr           24%        3d12      22%         4
 Vhi's Electric Charge    Tloc/Air       34%        N/A       45%         4
 Curse of Agony           Necr           24%        N/A       52%         5
 Animate Armour           Summ/Erth      26%        N/A       58%         4
 Cause Fear               Hex            6%         N/A       58%         4
 Manifold Assault         Tloc           13%        N/A       58%         4
 Passage of Golubria      Tloc           13%        N/A       58%         4
 Borgnjor's Vile Clutch   Necr/Erth      9%         N/A       75%         5
 Silence                  Hex/Air        8%         N/A       80%         5
 Summon Mana Viper        Hex/Summ       13%        N/A       91%         5
 Fire Storm               Conj/Fire      32%        8d8       92%         9
 Sculpt Simulacrum        Ice/Alch       13%        N/A       95%         6
 Death Channel            Necr           12%        N/A       98%         6
 Lehudib's Crystal Spear  Conj/Erth      21%        10d6      98%         8
 Monstrous Menagerie      Summ           6%         N/A       100%        7
 Ozocubu's Refrigeration  Ice            6%         4d8       100%        7
 Summon Hydra             Summ           6%         N/A       100%        7
 Infestation              Necr           12%        N/A       100%        8
 Maxwell's Capacitive Co  Air            10%        ∞         100%        8
 Chain Lightning          Conj/Air       22%        3d30      100%        9
 Dragon's Call            Summ           6%         N/A       100%        9
 Polar Vortex             Ice            6%         N/A       100%        9
 Shatter                  Erth           6%         3d9*      100%        9


Dungeon Overview and Level Annotations

Branches:
Dungeon (15/15)            Temple (1/1) D:5            Lair (5/5) D:9
  Swamp (3/4) Lair:2        Snake (4/4) Lair:3        Slime (0/5) Lair:4
    Orc (2/2) D:11            Elf (0/3) Orc:2        Vaults (0/5) D:14
 Depths (0/4) D:15         Bailey (visited)           IceCv (visited)

Altars:
Ashenzari
Cheibriados
Dithmenos
Elyvilon
Fedhas
Gozag
Hepliaklqana
Kikubaaqudgha
Makhleb
Nemelex Xobeh
Okawaru
Qazlal
Ru
Sif Muna
Trog
Uskayaw
Vehumet
Wu Jian
Xom
Yredelemnul
Zin
The Shining One
Jiyva

Shops:
D:2 *:   Orc:2 [?((   Snake:1 :   Snake:2 =[([:   Snake:4 *

Annotations:
Lair:4 2 transporters, Mousus6's ghost, journeyman OnFE
Lair:5 3 runed translucent doors, ballabu's ghost, journeyman DsFE
Swamp:2 Bai Suzhen


Innate Abilities, Weirdness & Mutations

You are very small and have problems with some larger weapons.
You are too small for most types of armour.
You have supernaturally acute eyesight. (SInv)
You cover ground extremely quickly. (Speed+++)


Message History

The wavering orb of destruction weakly hits Bai Suzhen!
Bai Suzhen is severely wounded.
Bai Suzhen completely misses you. Bai Suzhen claws you.
* * * LOW HITPOINT WARNING * * *
Bai Suzhen closely misses you.
Casting: Orb of Destruction (dangerous; 2% risk of failure)
Confirm with . or Enter, or press ? or * to list all spells.
Aiming: Orb of Destruction (dangerous; 2% risk of failure)
Press: ? - help, Shift-Dir - straight line, f/p - Bai Suzhen
Aim: Bai Suzhen (severely wounded, surrounded by thunder, catching her breath)
The wavering orb of destruction weakly hits Bai Suzhen.
Bai Suzhen is severely wounded.
Bai Suzhen grumbles, "Damn that jealous turtle monk."
Bai Suzhen bites you.
* * * LOW HITPOINT WARNING * * *
Bai Suzhen barely misses you. You block Bai Suzhen's attack.
Casting: Orb of Destruction (dangerous; 2% risk of failure)
Confirm with . or Enter, or press ? or * to list all spells.
Aiming: Orb of Destruction (dangerous; 2% risk of failure)
Press: ? - help, Shift-Dir - straight line, f/p - Bai Suzhen
Aim: Bai Suzhen (severely wounded, surrounded by thunder)
The wavering orb of destruction weakly hits Bai Suzhen but does no damage.
Bai Suzhen is severely wounded.
You are engulfed in a thunderstorm.
You resist.
* * * LOW HITPOINT WARNING * * *
Bai Suzhen completely misses you. Bai Suzhen claws you.
* * * LOW HITPOINT WARNING * * *
Bai Suzhen tramples you but does no damage.
Blink to where?
Press: ? - help, Dir - move target, p - Bai Suzhen
As you read the scroll of blinking, it crumbles to dust.
Casting: Orb of Destruction (dangerous; 2% risk of failure)
Confirm with . or Enter, or press ? or * to list all spells.
Aiming: Orb of Destruction (dangerous; 2% risk of failure)
Press: ? - help, Shift-Dir - straight line, f - Bai Suzhen
Aim: Bai Suzhen (severely wounded, surrounded by thunder) Bai Suzhen breathes water at you.
The torrent of water hits you!!!
Ouch! That really hurt!
You die...

♣..≈....♣♣♣...♣ ♣♣~
♣♣....~§~....♣♣♣♣..
♣~~~~~~~~..[.♣♣..~
♣♣~~§~§~~~~~~...~~~
♣...~♣~...~§~~~...~
♣.~~....♣♣~.~.~.~~~ ♣♣♣
♣♣.§~~~~§♣♣♣♣.~♣..~~ ♣♣~♣♣
♣..~~~♣~~...~~~♣....
♣.~.♣♣♣.*@~~~?.♣♣♣♣♣.§.♣♣.
♣♣§§D§~.~~~.§.♣♣ ♣.~.♣♣.
♣♣§♣§§~~~.♣♣.♣ ♣~~♣♣♣.
♣§~.~...♣♣♣.♣ ♣~.♣ ♣.
♣..~♣..♣♣ ♣♣♣ ♣~.♣ ♣.
♣♣♣.~♣♣.♣ ♣.♣♣ ♣♣
♣♣.♣~~♣♣.♣♣♣ ♣.♣♣
♣.~.>♣.....♣♣ ♣♣..♣♣
♣♣~.~.......♣♣ ♣♣~~..♣


You could see Bai Suzhen (clouds, catching breath, ally target).

Vanquished Creatures
  Vashnia (Snake:3)
  Rupert (Lair:5)
  2 sphinxes (D:15)
  Gastronok (D:8)
  Donald (Orc:2)
  Aizul (Snake:3)
  4 nagarajas (Snake:4)
  A fire giant (D:15)
  Louise (Swamp:3)
  An orc warlord (D:11)
  A ghoul (Swamp:2)
  Nessos (Orc:2)
  3 eleionomae
  Azrael (D:13)
  5 bunyips
  A deep elf annihilator (D:15)
  Snorg (Orc:1)
  An ettin (Orc:2)
  Josephine (D:11)
  A yaktaur captain (D:15)
  2 shambling mangroves
  A fire dragon (D:15)
  An entropy weaver (shapeshifter) (D:15)
  10 hydras
  Fannar (D:11)
  2 ogre magi (Orc:2)
  6 salamander tyrants
  Erica (D:11)
  A rakshasa (D:15)
  9 anacondas
  Erolcha (D:10)
  2 catoblepae
  4 alligators
  8 centaur warriors
  9 death yaks
  2 tengu warriors
  11 two-headed ogres
  A two-headed ogre (shapeshifter) (D:15)
  6 boulder beetles
  5 naga warriors
  6 shock serpents
  10 spriggans
  Sonja (D:12)
  18 naga sharpshooters
  5 goliath frogs
  2 deep trolls (Orc:2)
  3 skysharks
  2 arcanists
  A flayed ghost (D:15)
  8 salamander mystics
  4 bog bodies
  An obsidian statue (D:15)
  14 mana vipers
  A spriggan druid (Swamp:3)
  11 naga ritualists
  3 swamp dragons
  A lindwurm (Lair:2)
  4 orc sorcerers
  7 orc knights
  3 deep elf pyromancers
  11 salamanders
  18 ugly things
  A will-o-the-wisp (Swamp:1)
  5 manticores
  A wolf spider (D:15)
  A salamander (shapeshifter) (D:15)
  8 cyclopes
  5 guardian serpents (Snake:4)
  8 elephants
  17 naga magi
  36 black mambas
  2 kobold blastminers (Orc:2)
  A torpor snail (Lair:2)
  3 gargoyles
  An ice statue (IceCv)
  15 cane toads
  2 efreet
  Maggie (D:8)
  An unseen horror (shapeshifter) (D:15)
  3 kobold demonologists
  3 komodo dragons (Lair:2)
  A yaktaur (shapeshifter) (D:13)
  2 freezing wraiths (D:15)
  3 anaconda simulacra (IceCv)
  A komodo dragon (shapeshifter) (D:15)
  Psyche (D:8)
  2 tengu conjurers (D:13)
  A bloated husk (Swamp:2)
  A polar bear (Lair:4)
  6 tyrant leeches
  13 trolls
  15 hornets
  A troll (shapeshifter) (D:15)
  9 blink frogs
  Sigmund (D:2)
  A centaur simulacrum (D:15)
  8 slime creatures
  A water elemental (D:14)
  2 shadows
  A wyvern (shapeshifter) (D:15)
  5 wyverns
  16 humans (D:14)
  6 wraiths
  29 yaks
  10 basilisks
  Eustachio (D:5)
  8 vampire mosquitoes
  2 steam dragons
  3 fire elementals (D:13)
  3 wargs
  3 death yak simulacra (IceCv)
  Grum (Lair:1)
  46 nagas
  A harpy simulacrum (IceCv)
  10 swamp worms
  A swamp worm (shapeshifter) (D:15)
  2 acid dragons (D:10)
  12 water moccasins
  2 hydra simulacra (IceCv)
  An ice beast (D:8)
  3 hell hounds (D:13)
  2 ice beasts (shapeshifter) (D:15)
  A sky beast (D:7)
  27 orc warriors
  A sky beast (shapeshifter) (D:15)
  4 black bears
  3 wolves
  3 laughing skulls
  22 centaurs
  23 ogres
  11 kobold brigands
  2 scorpions
  2 necrophages (Swamp:2)
  25 bullfrogs
  2 cane toad simulacra (IceCv)
  7 two-headed ogre simulacra (IceCv)
  11 wights
  A water moccasin skeleton (D:3)
  3 elephant simulacra (IceCv)
  17 killer bees
  5 howler monkeys
  5 electric eels
  2 bombardier beetles
  5 hounds
  A centaur skeleton (D:3)
  16 orc priests
  2 sleepcaps (D:6)
  16 orc wizards
  A scorpion zombie (D:6)
  2 iguanas
  4 troll simulacra (IceCv)
  7 spriggan simulacra (IceCv)
  3 wolf simulacra (IceCv)
  A hound skeleton (D:3)
  5 howler monkey skeletons (D:6)
  4 gnolls
  3 naga simulacra (IceCv)
  5 adders
  A shadow imp (D:6)
  7 white imps
  11 ufetubi
  3 adder zombies (D:3)
  An adder skeleton (D:3)
  3 dart slugs
  2 ribbon worms
  78 orcs
  7 ball pythons
  5 endoplasms
  A giant cockroach (D:2)
  12 goblins
  3 hobgoblins
  5 jackals
  19 kobolds
  4 quokkas
  A ball python skeleton (D:3)
  9 bats
  2 frilled lizards (D:2)
  7 rats
  2 butterflies
1033 creatures vanquished.

Vanquished Creatures (others)
  A two-headed ogre (D:14)
  A laughing skull (D:14)
  A white imp (D:8)
  A quokka (D:4)
  2 foxfires (Swamp:1)
6 creatures vanquished.

Grand Total: 1039 creatures vanquished

Notes
Turn   | Place    | Note
-------+----------+-------------------------------------------
     0 | D:5      | GordonOverkill the Spriggan Delver began the quest for the
                  | Orb.
     0 | D:5      | Reached XP level 1. HP: 11/11 MP: 2/2
    34 | D:6      | Noticed an orc wizard
    46 | D:6      | Noticed a bullfrog
   135 | D:4      | Found a white marble altar of Elyvilon.
   194 | D:3      | Reached XP level 2. HP: 13/16 MP: 3/3
   194 | D:3      | Reached XP level 3. HP: 16/19 MP: 4/4
   298 | D:3      | Reached XP level 4. HP: 12/23 MP: 5/5
   743 | D:3      | Reached XP level 5. HP: 29/29 MP: 6/6
   904 | D:2      | Found Ymet's Book Shoppe.
  1211 | D:2      | Found Woolezir's Assorted Antiques.
  1235 | D:2      | Bought a scroll labelled FUL ZIENGO for 29 gold pieces
  1235 | D:2      | Bought a scroll labelled VYKISO ZICIUSK for 29 gold pieces
  1235 | D:2      | Bought an amethyst potion for 26 gold pieces
  1411 | D:2      | Noticed Sigmund
  1444 | D:2      | Killed Sigmund
  1445 | D:2      | Reached skill level 5 in Short Blades
  1445 | D:2      | Reached XP level 6. HP: 33/34 MP: 7/7
  1563 | D:2      | Bought an inky potion for 26 gold pieces
  1859 | D:1      | Found a faded altar of an unknown god.
  2862 | D:4      | Identified the +4 short sword "Quj Nuoffo" {protect, rPois}
  2895 | D:4      | Found a sparkling altar of Nemelex Xobeh.
  3134 | D:3      | Reached skill level 5 in Fighting
  3291 | D:4      | Found a burning altar of Makhleb.
  3732 | D:4      | Found an ancient bone altar of Kikubaaqudgha.
  3779 | D:4      | Reached XP level 7. HP: 36/39 MP: 8/8
  3825 | D:4      | Reached skill level 5 in Dodging
  4096 | D:2      | Bought 2 white potions for 52 gold pieces
  4146 | D:5      | Found a staircase to the Ecumenical Temple.
  4149 | D:5      | Noticed Eustachio
  4155 | Temple   | Entered the Ecumenical Temple
  4175 | Temple   | Became a worshipper of Vehumet
  4226 | D:5      | Reached skill level 1 in Throwing
  4311 | D:5      | Reached skill level 1 in Evocations
  4367 | D:5      | Found a basalt altar of Yredelemnul.
  4367 | D:5      | Found a stormy altar of Qazlal.
  4499 | D:5      | Found a hide-covered altar of Uskayaw.
  4553 | D:5      | Killed Eustachio
  4554 | D:5      | Reached skill level 1 in Spellcasting
  5348 | D:6      | Reached XP level 8. HP: 43/43 MP: 13/13
  5518 | D:6      | Noticed a two-headed ogre
  5655 | D:6      | Reached skill level 5 in Spellcasting
  5655 | D:6      | Reached skill level 1 in Conjurations
  6583 | D:6      | Killed a two-headed ogre
  6584 | D:6      | Reached skill level 5 in Conjurations
  6584 | D:6      | Reached XP level 9. HP: 17/47 MP: 16/19
  6784 | D:7      | Found a hazy altar of Hepliaklqana.
  6832 | D:7      | Found a snail-covered altar of Cheibriados.
  6857 | D:7      | Reached * piety under Vehumet
  6857 | D:7      | Offered knowledge of Magic Dart by Vehumet.
  8590 | D:8      | Found a flagged portal.
  8602 | Bailey   | Entered a bailey
  8870 | Bailey   | Reached XP level 10. HP: 51/51 MP: 21/23
  8879 | Bailey   | Reached ** piety under Vehumet
  8879 | Bailey   | Offered knowledge of Momentum Strike by Vehumet.
  8883 | Bailey   | Noticed an orc knight
  8932 | Bailey   | Killed an orc knight
  9020 | Bailey   | Found a burning altar of Makhleb.
  9145 | D:8      | Reached skill level 10 in Spellcasting
  9153 | D:8      | Reached skill level 1 in Fire Magic
 10069 | D:8      | Noticed Psyche
 10076 | D:8      | Killed Psyche
 10077 | D:8      | Reached skill level 5 in Fire Magic
 10215 | D:8      | Noticed Gastronok
 10364 | D:2      | Bought a book of Spontaneous Combustion for 418 gold pieces
 10370 | D:2      | Learned a level 5 spell: Irradiate
 10633 | D:8      | Killed Gastronok
 10634 | D:8      | Reached XP level 11. HP: 30/55 MP: 15/26
 10729 | D:8      | Noticed Maggie
 10770 | D:8      | Killed Maggie
 10922 | D:9      | Noticed a sun demon
 10964 | D:9      | Offered knowledge of Stone Arrow by Vehumet.
 10966 | D:9      | Noticed a soul eater
 11027 | D:9      | Found an opulent altar of Gozag.
 11244 | D:9      | Reached skill level 5 in Alchemy
 11274 | D:9      | Reached *** piety under Vehumet
 11363 | D:9      | Noticed a centaur warrior
 11373 | D:9      | Noticed a white ugly thing
 11377 | D:9      | Killed a centaur warrior
 11436 | D:9      | Killed a brown ugly thing
 11528 | D:9      | Noticed an arcanist
 11533 | D:9      | Killed an arcanist
 11711 | D:9      | Found a staircase to the Lair.
 11891 | D:10     | Entered Level 10 of the Dungeon
 11968 | D:10     | Offered knowledge of Olgreb's Toxic Radiance by Vehumet.
 13212 | D:10     | Noticed Erolcha
 13224 | D:10     | Killed Erolcha
 13722 | Lair:1   | Entered Level 1 of the Lair of Beasts
 13941 | Lair:1   | Noticed a death yak
 13942 | Lair:1   | Noticed a death yak
 13943 | Lair:1   | Noticed a death yak
 13943 | Lair:1   | Noticed a death yak
 13943 | Lair:1   | Noticed a death yak
 14065 | Lair:1   | Noticed a death yak
 14100 | Lair:1   | Killed a death yak
 14163 | Lair:1   | Killed a death yak
 14193 | Lair:1   | Killed a death yak
 14298 | D:8      | Killed a death yak
 14299 | D:8      | Reached XP level 12. HP: 48/60 MP: 27/27
 14460 | D:9      | Killed a death yak
 14704 | Lair:1   | Killed a death yak
 14953 | Lair:1   | Reached **** piety under Vehumet
 14982 | Lair:1   | Noticed a boulder beetle
 14996 | Lair:1   | Killed a boulder beetle
 15126 | Lair:1   | Identified the +1 sling "Aboext" {freeze, +Blink Str+2}
 15149 | Lair:1   | Noticed Grum
 15158 | Lair:1   | Killed Grum
 15267 | Lair:1   | Identified a scroll of acquirement
 15267 | Lair:1   | Acquired 877 gold pieces
 15904 | D:2      | Bought a book of Flames for 308 gold pieces
 15904 | D:2      | Bought a book of Transmutation for 308 gold pieces
 15909 | D:2      | Learned a level 4 spell: Flame Wave
 15914 | D:2      | Learned a level 4 spell: Sticky Flame
 15917 | D:2      | Learned a level 2 spell: Sublimation of Blood
 16312 | Lair:2   | Noticed a catoblepas
 16323 | Lair:2   | Killed a catoblepas
 16349 | Lair:2   | Reached skill level 10 in Conjurations
 16414 | Lair:2   | Reached skill level 1 in Necromancy
 16498 | Lair:2   | Found a staircase to the Swamp.
 16498 | Lair:2   | Noticed an eleionoma
 16521 | Lair:2   | Killed an eleionoma
 16521 | Lair:2   | Offered knowledge of Mephitic Cloud by Vehumet.
 16559 | Lair:2   | Learned a level 3 spell: Mephitic Cloud
 16575 | Lair:2   | Reached skill level 1 in Air Magic
 16708 | Lair:2   | Noticed a four-headed hydra
 16738 | Lair:2   | Killed a four-headed hydra
 17914 | Lair:2   | Noticed a death yak
 17916 | Lair:2   | Noticed a death yak
 17916 | Lair:2   | Noticed a death yak
 17979 | Lair:2   | Killed a death yak
 17990 | Lair:2   | Noticed a seven-headed hydra
 18246 | Lair:2   | Reached XP level 13. HP: 67/67 MP: 23/28
 18984 | Lair:2   | Found a staircase to the Swamp.
 19921 | Lair:3   | Found a staircase to the Snake Pit.
 20662 | Lair:4   | Reached skill level 10 in Fire Magic
 21072 | Lair:4   | Found a viscous altar of Jiyva.
 21072 | Lair:4   | Found a staircase to the Slime Pits.
 21227 | Lair:4   | Reached ***** piety under Vehumet
 21227 | Lair:4   | Offered knowledge of Orb of Destruction by Vehumet.
 21253 | Lair:3   | Learned a level 7 spell: Orb of Destruction
 21488 | Lair:4   | Noticed Mousus6's ghost (journeyman OnFE)
 21489 | Lair:4   | Found a transporter.
 21897 | Lair:4   | Found a transporter.
 21968 | Lair:5   | Entered Level 5 of the Lair of Beasts
 22023 | Lair:5   | Noticed ballabu's ghost (journeyman DsFE)
 22027 | Lair:5   | Found a runed translucent gate.
 22027 | Lair:5   | Found a runed translucent gate.
 22103 | Lair:5   | Found a runed translucent gate.
 23321 | Lair:5   | Noticed Rupert
 23364 | Lair:5   | Paralysed by Rupert for 2 turns
 23370 | Lair:5   | Killed Rupert
 23423 | Lair:5   | Reached XP level 14. HP: 59/72 MP: 29/29
 23595 | Lair:5   | Identified the +6 whip of the Coin {antimagic, rElec Dex+2}
 23598 | Lair:5   | Identified the ring "Hiniemmo" {rN++ rCorr SInv}
 24373 | D:11     | Noticed Fannar
 24440 | D:11     | Killed Fannar
 24544 | D:11     | Found a staircase to the Orcish Mines.
 24840 | D:11     | Noticed Josephine
 24850 | D:11     | Killed Josephine
 24901 | D:11     | Offered knowledge of Yara's Violent Unravelling by Vehumet.
 25731 | D:11     | Found a stormy altar of Qazlal.
 25960 | D:12     | Acquired the ring of the Priest {Fly rElec SInv}
 26287 | D:12     | Noticed Sonja
 26300 | D:12     | Killed Sonja
 26307 | D:12     | Found a frozen archway.
 26326 | IceCv    | Entered an ice cave
 28400 | IceCv    | Identified the ring "Esulekh" {rF+ AC+4 Dex+2}
 29018 | D:12     | Offered knowledge of Spellforged Servitor by Vehumet.
 29184 | D:12     | Upgraded the game from 0.32-a0-128-g77eb882913 to
                  | 0.32-a0-132-g2d33c3cfaf
 29831 | D:13     | Noticed Azrael
 29840 | D:13     | Killed Azrael
 31365 | D:13     | Learned a level 8 spell: Ignition
 31434 | D:14     | Found a gate to the Vaults.
 31540 | D:13     | Reached XP level 15. HP: 46/75 MP: 23/30
 33631 | D:14     | Identified the granite talisman of the Ant {rC+}
 34726 | D:15     | Entered Level 15 of the Dungeon
 37545 | D:15     | Found a staircase to the Depths.
 37557 | D:15     | Noticed a fire giant
 37563 | D:15     | Killed a fire giant
 38282 | D:15     | Reached skill level 15 in Fire Magic
 38351 | D:15     | Noticed a sphinx
 38356 | D:15     | Killed a sphinx
 38380 | D:15     | Identified the ring "Kahiwinu" {rElec rPois rN+ MP+9}
 38432 | D:15     | Identified the ring "Moned" {Wiz Str+3 Int+3 Dex-3}
 38529 | D:15     | Noticed a sphinx
 38532 | D:15     | Killed a sphinx
 38714 | D:11     | Noticed Erica
 38721 | D:11     | Killed Erica
 38789 | Orc:1    | Entered Level 1 of the Orcish Mines
 39546 | Orc:2    | Entered Level 2 of the Orcish Mines
 39592 | Orc:2    | Reached ****** piety under Vehumet
 39592 | Orc:2    | Offered knowledge of Conjure Ball Lightning by Vehumet.
 39789 | Orc:2    | Found a staircase to the Elven Halls.
 39857 | Orc:2    | Reached XP level 16. HP: 80/80 MP: 14/31
 39929 | Orc:2    | Noticed Nessos
 39938 | Orc:2    | Killed Nessos
 40503 | Orc:2    | Noticed Donald
 40913 | Orc:2    | Killed Donald
 41169 | Orc:2    | Paralysed by an ogre mage for 4 turns
 41189 | Orc:1    | Noticed Snorg
 41469 | Orc:1    | Killed Snorg
 41828 | Orc:2    | Found Ufanlyumn's Magic Scroll Shoppe.
 41854 | Orc:2    | Found Rusisiant's Antique Armour Boutique.
 41938 | Orc:2    | Offered knowledge of Lee's Rapid Deconstruction by Vehumet.
 42517 | Orc:2    | Found Metuanuw's Antique Weapon Emporium.
 42544 | Orc:2    | Found Tareedet's Antique Weapon Shoppe.
 42652 | Orc:2    | Bought a scroll of enchant armour for 120 gold pieces
 42652 | Orc:2    | Bought a scroll of teleportation for 48 gold pieces
 42652 | Orc:2    | Bought a scroll of revelation for 120 gold pieces
 42652 | Orc:2    | Bought a scroll of teleportation for 48 gold pieces
 42824 | Snake:1  | Entered Level 1 of the Snake Pit
 42824 | Snake:1  | Found Quemn's Book Shoppe.
 43184 | Snake:1  | Reached skill level 15 in Conjurations
 44805 | Snake:2  | Found Poihamne's Armour Boutique.
 44805 | Snake:2  | Found Saoshrach's Jewellery Shop.
 44820 | Snake:2  | Found Afaecahe's Armour Shop.
 44822 | Snake:2  | Found Nideps's Weapon Boutique.
 45393 | Snake:2  | Found Ydunyvur's Book Shoppe.
 45453 | Snake:2  | Bought a book of Annihilations for 660 gold pieces
 45453 | Snake:2  | Bought a book of Touch for 242 gold pieces
 46489 | Snake:3  | Offered knowledge of Eringya's Noxious Bog by Vehumet.
 46632 | Snake:3  | Identified the serpent talisman "Enom" {rN+ Dex+2}
 46632 | Snake:3  | Noticed Aizul
 46647 | Snake:3  | Killed Aizul
 47064 | Snake:3  | Noticed Vashnia
 47066 | Snake:3  | Reached XP level 17. HP: 61/84 MP: 19/36
 47363 | Snake:3  | Reached skill level 15 in Spellcasting
 47861 | Snake:3  | Killed Vashnia
 48147 | Snake:4  | Entered Level 4 of the Snake Pit
 48311 | Snake:4  | Found Lamo's Assorted Antiques.
 48427 | Snake:4  | HP: 3/85 [shock serpent/bolt of electricity (19)]
 49453 | Snake:4  | Identified the +1 buckler "Hemoty" {Dex+4}
 50744 | Snake:4  | Reached skill level 10 in Fighting
 50868 | Snake:4  | Offered knowledge of Starburst by Vehumet.
 51208 | Snake:4  | Got the Grimoire of Profane Spells
 53484 | Snake:4  | Got a serpentine rune of Zot
 53640 | Swamp:1  | Entered Level 1 of the Swamp
 54282 | Swamp:1  | Reached XP level 18. HP: 89/93 MP: 2/38
 56165 | Swamp:3  | Noticed Louise
 56293 | Swamp:3  | Noticed Bai Suzhen
 56382 | Swamp:3  | Killed Louise
 56645 | Swamp:2  | Killed from afar by Bai Suzhen

Illustrated notes

Levels and vault maps discovered:
D:1:      elethiomel_arrival_infinity_welcomes_careful_drivers, layout_basic,
          ebering_ecumenical_altar_hall
D:2:      minmay_diamond_boxcup, layout_loops_ring, serial_shops, shop,
          nicolae_diamond_shop, minmay_misc_feat_tower,
          minmay_tree_intersection, minmay_3d_cube, uniq_sigmund
D:3:      layout_basic, serial_undead, serial_undead_a, serial_undead_d,
          serial_undead_c, serial_undead_b, serial_undead_e, serial_undead_a,
          serial_undead_d, serial_undead_a
D:4:      layout_basic, elyvilon_altar_4, mainiacjoe_overflow_tiny_flanked,
          mainiacjoe_overflow_catch_the_wave
D:5:      layout_gridville, mainiacjoe_overflow_large_starburst,
          old_standard_altar, minmay_temple_entry_trees, uniq_eustachio
D:6:      layout_basic, mainiacjoe_ossuary_entry_find_the_door,
          hangedman_abyss_or_decor_passed, lightli_corner_chamber
D:7:      layout_basic, kennysheep_mini, lemuel_round_altar
D:8:      layout_basic, enter_bailey_5, uniq_maggie, uniq_psyche, uniq_gastronok
D:9:      minmay_slanted_spiral_squares, layout_rooms, grunt_gozag_statues,
          lair_entry_dummy
D:10:     layout_layer_cave, uniq_erolcha
D:11:     layout_long_grid, erik_orc_2, nicolae_qazlal_eye_of_the_storm,
          uniq_fannar, uniq_erica, uniq_josephine
D:12:     layout_roguey, portal_ice_cave_entry_pillars_2, minmay_librarian,
          uniq_sonja
D:13:     layout_loops_corners, drop_trap, uniq_azrael
D:14:     layout_big_octagon, david_vaults_3
D:15:     vault_1, layout_rooms, minmay_misc_feat_roman, lightli_minifort
Temple:   hc_temple_tempest_star
Lair:1:   layout_gridlike, uniq_grum
Lair:2:   layout_gridlike, alex1729_swamp_entry_worm_eleionoma, nzn_random_ring,
          serial_bayou_shore_b, grunt_megastairs_5, lemuel_fruit_fields
Lair:3:   layout_hall_layers, minmay_snake_entry_guardpost_medium,
          lemuel_fruit_fields
Lair:4:   layout_cave_shapes, dpeg_slime_entry_corner, gammafunk_ghost_hive
Lair:5:   minmay_lair_end_frog_pond, layout_cave_pods, gammafunk_ghost_split,
          uniq_rupert
Swamp:1:  layout_basic_swamp, evilmike_swamp_ruin_house_5, swamp_pool_1_2
Swamp:2:  layout_falls_marsh, evilmike_swamp_ruin_house_3, swamp_pool_1_2
Swamp:3:  layout_basic_swamp, nicolae_swamp_well_well_well, uniq_bai_suzhen,
          uniq_louise
Snake:1:  layout_onion, serial_shops, shop
Snake:2:  layout_grid_maze, serial_shops, shop_coins, st_stairs_7,
          minmay_shoptagon
Snake:3:  layout_basic, uniq_vashnia, uniq_aizul
Snake:4:  johnstein_snake_rune_scales, layout_rooms, serial_shops, shop,
          serial_bayou_pond_d
Orc:1:    layout_caves, uniq_snorg
Orc:2:    st_orc_open, layout_caves, basic_altar, minmay_orc_temple_a,
          uniq_donald, uniq_nessos

Skill      XL: |  1  2  3  4  5  6  7  8  9 10 11 12 13 14 15 16 17 18 |
---------------+-------------------------------------------------------+-----
Short Blades   | 3 4 5 6 |  6.0
Fighting       | 3 4 5 7 10 | 10.0
Dodging        | 4 5 |  5.0
Throwing       | 2 |  2.0
Evocations     | 2 |  2.0
Spellcasting   | 3 6 8 10 14 15 | 15.0
Conjurations   | 5 7 8 10 11 13 15 16 | 16.0
Fire Magic     | 6 8 11 12 15 16 | 16.2
Alchemy        | 2 7 |  7.0
Necromancy     | 3 |  3.0
Air Magic      | 2 |  2.0
Stealth        | |  7.2
Unarmed Combat | |  1.5

Action                     |  1- 3 |  4- 6 |  7- 9 | 10-12 | 13-15 | 16-18 || total
---------------------------+-------+-------+-------+-------+-------+-------++-------
  Melee: Dagger            |    30 |   206 |       |       |       |       ||   236
         Punch             |     2 |     9 |    20 |    52 |    48 |     4 ||   135
         Short sword       |       |    29 |   326 |   495 |   284 |    26 ||  1160
  Throw: Dart              |       |    19 |    58 |    89 |    18 |       ||   184
         Boomerang         |       |       |    19 |    10 |       |       ||    29
         Throwing net      |       |       |       |     1 |       |       ||     1
   Cast: Irradiate         |       |       |       |    48 |    75 |    22 ||   145
         Sticky Flame      |       |       |       |    41 |   220 |    42 ||   303
         Flame Wave        |       |       |       |     2 |    17 |       ||    19
         Sublimation of Bl |       |       |       |       |     4 |     2 ||     6
         Mephitic Cloud    |       |       |       |       |     5 |       ||     5
         Orb of Destructio |       |       |       |       |   170 |   525 ||   695
         Ignition          |       |       |       |       |    20 |    69 ||    89
  Evoke: Wand              |       |       |    30 |    39 |       |       ||    69
    Use: Scroll            |       |       |    11 |    13 |    15 |     5 ||    44
         Potion            |       |       |     1 |     9 |     2 |     1 ||    13
   Stab: Sleeping          |     2 |    33 |    11 |    13 |    17 |     1 ||    77
         Distracted        |       |       |     2 |     1 |       |       ||     3
         Paralysed         |       |       |     7 |     5 |       |       ||    12
         Held in net/web   |       |       |       |     1 |       |       ||     1
         Confused          |       |       |       |       |     3 |       ||     3
 Armour: Robe              |    10 |    55 |   107 |    22 |    68 |       ||   262
         Steam dragon scal |       |       |       |   187 |   346 |   172 ||   705
         Skin              |       |       |       |     3 |       |       ||     3
  Dodge: Dodged            |    20 |   132 |   275 |   443 |   565 |   159 ||  1594
  Block: Buckler           |       |       |       |       |       |    14 ||    14

Table legend: (Time is in decaauts)
 A = Elapsed time spent in this place.
 B = Non-inter-level travel time spent in this place.
 C = Inter-level travel time spent in this place.
 D = Time resting spent in this place.
 E = Time spent auto-exploring this place.
 F = Levels seen in this place.
 G = Mean time per level.
                   A        B        C        D        E       F      G
               +--------+--------+--------+--------+--------+-----+--------+
         Total |  46497 |  44611 |   1886 |  25363 |  11415 |  32 | 1453.0 |
       Dungeon |  21571 |  20382 |   1189 |  10513 |   6021 |  15 | 1438.1 |
        Temple |     25 |      3 |     22 |      0 |      0 |   1 |   25.0 |
          Lair |   8561 |   8222 |    339 |   4372 |   2492 |   5 | 1712.2 |
         Swamp |   2511 |   2418 |     93 |   1337 |    611 |   3 |  837.0 |
     Snake Pit |   8495 |   8315 |    180 |   5702 |   1393 |   4 | 2123.8 |
  Orcish Mines |   2849 |   2789 |     60 |   1737 |    557 |   2 | 1424.5 |
        Bailey |    426 |    426 |      0 |    113 |    129 |   1 |  426.0 |
      Ice Cave |   2055 |   2055 |      0 |   1586 |    209 |   1 | 2055.0 |
               +--------+--------+--------+--------+--------+-----+--------+

Top non-repeatable levels by time:
 Snake:4: 3370 daAuts
    D:13: 3049 daAuts
 Snake:3: 2894 daAuts
    D:15: 2604 daAuts
  Lair:2: 2382 daAuts
    D:14: 2132 daAuts
   Orc:2: 2125 daAuts
   IceCv: 2055 daAuts
  Lair:1: 1976 daAuts
    D:11: 1867 daAuts
  Lair:3: 1772 daAuts
     D:6: 1676 daAuts
 Snake:2: 1605 daAuts
     D:8: 1553 daAuts
    D:10: 1550 daAuts
